 Dungeon Crawl Stone Soup version 0.22-a0-348-gd16d139 (webtiles) character file.

43 BaronVonScrub the Chopper (level 3, -1/29 HPs)
             Began as a Demonspawn Berserker on Apr 7, 2018.
             Was a Believer of Trog.
             Slain by a worm (3 damage)
             ... on level 2 of the Dungeon.
             The game lasted 00:04:17 (542 turns).

BaronVonScrub the Chopper (Demonspawn Berserker)     Turns: 542, Time: 00:04:18

Health: -1/29      AC: 11    Str: 17    XL:     3   Next: 37%
Magic:  0/3        EV:  5    Int:  9    God:    Trog [**....]
Gold:   20         SH:  0    Dex: 14    Spells: 2/2 levels left

rFire    . . .     SeeInvis .   a - +0 hand axe
rCold    + + .     Gourm    .   (no shield)
rNeg     . . .     Faith    .   f - +0 plate armour
rPois    .         Spirit   +   (no helmet)
rElec    .         Reflect  .   (no cloak)
rCorr    .         Harm     .   (no gloves)
MR       .....                  (no boots)
Stlth    ..........             e - amulet of magic regeneration
HPRegen  0.00/turn              d - ring of protection from cold
MPRegen  0.33/turn              h - ring of protection from cold

@: no status effects
A: claws 1, rugged brown scales 1, agile 1, inhibited regeneration, magic
shield, no potion heal 1
a: Berserk, Trog's Hand, Renounce Religion


You were on level 2 of the Dungeon.
You worshipped Trog.
Trog was pleased with you.
You were not hungry.

You visited 1 branch of the dungeon, and saw 2 of its levels.

You collected 20 gold pieces.

Inventory:

Hand Weapons
 a - a +0 hand axe (weapon)
Armour
 b - a +0 animal skin
 f - a +0 plate armour (worn)
Jewellery
 d - a ring of protection from cold (left claw)
 e - an amulet of magic regeneration (around neck)
 h - a ring of protection from cold (right claw)
Potions
 g - a potion of haste {unknown}
Comestibles
 c - 3 rations


   Skills:
 - Level 3.1 Fighting
 + Level 3.7 Axes
 + Level 2.0 Armour
 + Level 2.0 Dodging


You had 2 spell levels left.
You didn't know any spells.

Dungeon Overview and Level Annotations

Branches:
Dungeon (2/15)

Altars:


Innate Abilities, Weirdness & Mutations

You are partially covered in rugged brown scales. (AC +1, +3% HP)
When hurt, damage is shared between your health and your magic reserves.
You have sharp fingernails.
You are agile. (Dex +2)
You do not regenerate when monsters are visible.
Potions are less effective at restoring your health.


Message History

* * * LOW HITPOINT WARNING * * *
You hit the worm but do no damage.
The worm is heavily wounded.
You hit the worm.
The worm is severely wounded.
The worm barely misses you.
You hit the worm but do no damage.
The worm is severely wounded.
You hit the worm.
The worm is severely wounded.
The worm bites you.
* * * LOW HITPOINT WARNING * * *
Your plate armour prevents you from hitting the worm.
The worm is severely wounded.
The worm bites you.
* * * LOW HITPOINT WARNING * * *
You hit the worm.
The worm is severely wounded.
The worm bites you.
You die...

# #. ## #.####
.. ## #....#.#
#...#####.<..#
#....w@......#
.....#####...##
#.# ##.## #..#
#..>. #..###
#..# ..#


You could see a worm.

Vanquished Creatures
  An adder (D:2)
  2 dart slugs (D:1)
  A leopard gecko (D:1)
  A bat (D:1)
  A giant cockroach (D:1)
  4 goblins (D:1)
  6 hobgoblins (D:1)
  A ball python (D:1)
  4 frilled lizards
  4 kobolds (D:1)
  5 rats (D:1)
30 creatures vanquished.

Notes
Turn   | Place    | Note
-------+----------+-------------------------------------------
     0 | D:1      | BaronVonScrub the Demonspawn Berserker began the quest for the Orb.
     0 | D:1      | Reached XP level 1. HP: 18/18 MP: 1/1
    95 | D:1      | Gained mutation: You do not regenerate when monsters are visible. [potion of mutation]
    95 | D:1      | Gained mutation: You are agile. (Dex +2) [potion of mutation]
    95 | D:1      | Gained mutation: Potions are less effective at restoring your health. [potion of mutation]
    95 | D:1      | Gained mutation: You have sharp fingernails. [potion of mutation]
   149 | D:1      | Gained mutation: When hurt, damage is shared between your health and your magic reserves. [demonic ancestry]
   149 | D:1      | Reached XP level 2. HP: 21/24 MP: 2/2
   261 | D:1      | Reached ** piety under Trog
   381 | D:1      | Gained mutation: You are partially covered in rugged brown scales. (AC +1, +3% HP) [demonic ancestry]
   381 | D:1      | Reached XP level 3. HP: 24/29 MP: 3/3
   542 | D:2      | Slain by a worm

Vault maps used:
D:1:      scummos_arrival_star, minmay_pentomino_u4

Skill      XL: |  1  2  3 |
---------------+----------+-----
Axes           | 3 |  3.7
Dodging        | 2 |  2.0
Armour         | 2 |  2.0
Fighting       | |  3.1

Action                   || total
-------------------------++-------
Melee: Hand axe          ||    94
  Use: Scroll            ||     3
       Potion            ||     1
Armor: Plate armour      ||    72
       Animal skin       ||     1
Dodge: Dodged            ||    29

Table legend:
 A = Spawn XP
 B = Non-spawn XP
 C = Spawn XP percentage of total XP
 D = Spawn monster count
 E = Non-spawn monster count
 F = Spawn count percentage of total count
 G = Total turns spent on level
                    A         B        C        D         E        F      G
               +---------+---------+-------+---------+---------+-------+---------
         Total |       0 |      62 |   0.0 |       0 |      30 |   0.0 |   542
               +---------+---------+-------+---------+---------+-------+---------
           D:1 |       0 |      48 |   0.0 |       0 |      28 |   0.0 |   417
           D:2 |       0 |      14 |   0.0 |       0 |       2 |   0.0 |   125
               +---------+---------+-------+---------+---------+-------+---------
